 Dungeon Crawl Stone Soup version 0.27-a0-1228-gfd60fd639a (webtiles) character file.

Game seed: 11957330823188381838

92 Azzok the Chopper (level 4, -1/52 HPs)
             Began as a Demonspawn Berserker on June 7, 2021.
             Was a Believer of Trog.
             Slain by Crazy Yiuf
             ... wielding a +2 quarterstaff of chaos
              (10 damage)
             ... on level 2 of the Dungeon.
             The game lasted 00:02:10 (1506 turns).

Azzok the Chopper (Demonspawn Berserker)            Turns: 1506, Time: 00:02:11

Health: -1/52      AC: 11    Str: 18    XL:     4   Next: 35%
Magic:  4/4        EV:  9    Int:  9    God:    Trog [**....]
Gold:   52         SH:  7    Dex: 12    Spells: 3/3 levels left

rFire    . . .     SeeInvis .   l - +0 whip (elec)
rCold    . . .     Faith    .   c - +0 kite shield
rNeg     . . .     Spirit   .   b - +0 animal skin
rPois    .         Reflect  .   (no helmet)
rElec    .         Harm     .   (no cloak)
rCorr    .         Rampage  .   (no gloves)
Will     .....                  (no boots)
Stlth    ..........             e - amulet of regeneration
HPRegen  1.17/turn              (no ring)
MPRegen  0.09/turn              (no ring)

@: berserking, lethally poisoned (-1 -> -2), sanguine armoured, very quick
A: sanguine armour 2
a: Renounce Religion, Berserk, Trog's Hand


You were on level 2 of the Dungeon.
You worshipped Trog.
Trog was pleased with you.
You visited 1 branch of the dungeon, and saw 2 of its levels.

You collected 52 gold pieces.

Inventory:

Hand Weapons
 a - a +0 hand axe
 l - a +0 whip of electrocution (weapon)
Armour
 b - a +0 animal skin (worn)
 c - a +0 kite shield (worn)
Jewellery
 e - an amulet of regeneration (around neck)
Scrolls
 d - a scroll of amnesia {unknown}
 f - 3 scrolls of identify {unknown}
 g - 2 scrolls of teleportation {unknown}
 h - a scroll of magic mapping {unknown}
 k - a scroll of enchant weapon {unknown}
 m - a scroll of noise {unknown}
Potions
 i - a potion of mutation {unknown}
 j - a potion of might {unknown}
 n - a potion of curing {unknown}
 o - a potion of haste {unknown}


   Skills:
 - Level 3.0 Fighting
 + Level 4.7 Axes
 - Level 1.7 Armour
 - Level 1.7 Dodging


You had 3 spell levels left.
You didn't know any spells.
Your spell library was empty.

Dungeon Overview and Level Annotations

Branches:
Dungeon (2/15)

Altars:

Shops:
D:2 !

Annotations:
D:2 Crazy Yiuf


Innate Abilities, Weirdness & Mutations

When seriously injured, your bleeding wounds create thick armour. (AC +9)


Message History

Trog accepts your kill.
There is a stone staircase leading up here.
Things that are here:
a +0 dagger; 3 stones Crazy Yiuf shouts!
As you open the door, it creaks loudly!
Crazy Yiuf waves his quarterstaff at you.
You barely miss Crazy Yiuf.
Crazy Yiuf says, "Island!
Cards mobile koolooloo."
Crazy Yiuf hits you with a +2 quarterstaff of chaos!
Your blood congeals into armour.
Crazy Yiuf burns you.
You closely miss Crazy Yiuf.
Crazy Yiuf hits you with a +2 quarterstaff of chaos!
Crazy Yiuf burns you.
* * * LOW HITPOINT WARNING * * *
A red film seems to cover your vision as you go berserk!
You feel yourself moving faster!
You feel mighty! Crazy Yiuf hits you but does no damage.
You are poisoned.
You hit Crazy Yiuf.
Crazy Yiuf is lightly wounded.
You feel sick. Crazy Yiuf misses you.
You closely miss Crazy Yiuf.
Crazy Yiuf is lightly wounded.
You feel sick.
Crazy Yiuf hits you with a +2 quarterstaff of chaos.
* * * LOW HITPOINT WARNING * * *
Crazy Yiuf draws strength from your wounds!
Your shield prevents you from hitting Crazy Yiuf.
You feel sick. Crazy Yiuf completely misses you.
You hit Crazy Yiuf.
Crazy Yiuf is lightly wounded.
You feel sick. Crazy Yiuf barely misses you.
You whack Crazy Yiuf!
Crazy Yiuf is severely wounded.
You feel sick. You block Crazy Yiuf's attack.
You barely miss Crazy Yiuf.
Crazy Yiuf is severely wounded.
Crazy Yiuf hits you with a +2 quarterstaff of chaos!
You die...

▒············▒ ▒▒·▒▒▒▒▒▒▒▒▒▒·▒
▒▒)·▒ ▒·▒ ▒▒·▒·▒▒ ▒▒▒ ▒▒▒·▒▒▒·▒
···▒▒ ▒▒▒▒▒▒▒▒▒
▒▒▒·▒▒▒·▒···▒·▒▒▒ ▒▒▒ ▒▒▒▒▒▒▒▒▒▒
·····▒·······▒··▒▒···▒
▒··<···▒··
············▒▒▒▒@g···▒
▒▒▒▒▒▒·▒·▒ ·····▒▒·▒··▒▒ ▒▒▒··)▒
▒·▒·▒ ··▒▒·▒▒▒▒▒▒▒ ▒▒▒ ▒·▒·▒
··▒▒····▒ ▒·▒·▒ >·▒▒▒▒▒▒▒ ▒·▒·▒
··▒ ▒▒▒▒▒▒▒▒▒▒▒▒▒▒▒▒▒▒▒▒▒·▒·▒
··▒ ▒·▒·····················▒
··▒ ▒·▒·▒▒·▒▒·▒▒▒▒▒▒▒▒▒▒▒·▒▒▒
··▒▒▒▒▒▒▒·▒·▒▒·▒··▒▒▒▒▒▒▒▒▒▒▒·▒▒


You could see Crazy Yiuf.

Vanquished Creatures
  3 adders (D:2)
  3 worms (D:2)
  3 dart slugs
  An orc (D:2)
  2 ball pythons (D:1)
  2 bats
  5 endoplasms
  6 giant cockroaches
  10 jackals (D:1)
  4 quokkas
  3 kobolds
  3 rats
45 creatures vanquished.

Vanquished Creatures (others)
  9 plants
9 creatures vanquished.

Grand Total: 54 creatures vanquished

Notes
Turn   | Place    | Note
-------+----------+-------------------------------------------
     0 | D:1      | Azzok the Demonspawn Berserker began the quest for the Orb.
     0 | D:1      | Reached XP level 1. HP: 18/18 MP: 1/1
     5 | D:1      | Found a faded altar of an unknown god.
   167 | D:1      | Reached skill level 3 in Axes
   234 | D:1      | Gained mutation: When seriously injured, your bleeding
                  | wounds create armour. (AC +9) [demonic ancestry]
   234 | D:1      | Reached XP level 2. HP: 24/24 MP: 2/2
   633 | D:1      | Reached XP level 3. HP: 29/29 MP: 3/3
   799 | D:2      | Reached skill level 4 in Axes
   844 | D:2      | Reached ** piety under Trog
   853 | D:2      | Found Maaqy's Distillery.
   907 | D:2      | Gained mutation: When seriously injured, your bleeding
                  | wounds create thick armour. (AC +9) [demonic ancestry]
   907 | D:2      | Reached XP level 4. HP: 31/35 MP: 4/4
  1147 | D:2      | Found a runed translucent door.
  1148 | D:2      | Noticed Crazy Yiuf
  1506 | D:2      | Slain by Crazy Yiuf

Illustrated notes

Levels and vault maps discovered:
D:1:      roderic_crop_circles_arrival_small, layout_basic,
          ebering_ecumenical_altar_rust, grunt_decor_clamped,
          serial_bayou_pond_a, minmay_tromino_v4_c
D:2:      cheibrodos_old_hovel, layout_loops_ring, serial_shops, shop,
          uniq_crazy_yiuf_cottage

Skill      XL: |  1  2  3 |
---------------+----------+-----
Axes           | 3 4 |  4.7
Fighting       | |  3.0
Armour         | |  1.7
Dodging        | |  1.7

Action                   |  1- 3 |  4- 6 || total
-------------------------+-------+-------++-------
Melee: Hand axe          |    48 |       ||    48
       Whip              |    73 |    38 ||   111
Invok: Berserk           |     1 |     1 ||     2
 Stab: Sleeping          |     1 |       ||     1
Armor: Animal skin       |    24 |     3 ||    27
Dodge: Dodged            |    52 |    15 ||    67
Block: Kite shield       |    61 |    11 ||    72

Table legend: (Time is in decaauts)
 A = Elapsed time spent in this place.
 B = Non-inter-level travel time spent in this place.
 C = Inter-level travel time spent in this place.
 D = Time resting spent in this place.
 E = Time spent auto-exploring this place.
 F = Levels seen in this place.
 G = Mean time per level.
                   A        B        C        D        E       F      G
               +--------+--------+--------+--------+--------+-----+--------+
         Total |   1561 |   1555 |      6 |     15 |   1148 |   2 |  780.5 |
       Dungeon |   1561 |   1555 |      6 |     15 |   1148 |   2 |  780.5 |
               +--------+--------+--------+--------+--------+-----+--------+

Top non-repeatable levels by time:
     D:1: 782 daAuts
     D:2: 778 daAuts
